 Dungeon Sprint DCSS version 0.31-a0-875-g02e7d12df6 (webtiles) character file.

Game seed: 1161828061898103154

170 rocky1 the Covert (level 5, -21/38 HPs)
             Began as a Formicid Brigand on Oct 12, 2023.
             Was an Initiate of Cheibriados.
             Killed from afar by an oklob sapling wizard (31 damage)
             ... with a splash of acid
             ... in the Dungeon (Sprint IV: "Fedhas' Mad Dash").
             The game lasted 00:03:23 (314 turns).

rocky1 the Covert (Formicid Brigand)                 Turns: 314, Time: 00:03:24

Health: -21/38     AC: -5    Str: 17    XL:     5   Next: 80%
Magic:  5/5        EV: 11    Int: 11    God:    Cheibriados [......]
Gold:   78         SH:  0    Dex: 18    Spells: 4/4 levels left

rFire   . . .        a - +2 dagger
rCold   . . .        (no shield)
rNeg    . . .        b - +0 robe
rPois   .            (helmet unavailable)
rElec   .            c - +0 cloak
rCorr   .            (no gloves)
SInv    +            (no boots)
Will    .....        i - amulet of invisibility {+Inv}
Stlth   +++++        (no ring)
HPRegen 0.26/turn    (no ring)
MPRegen 0.09/turn

%: no passive effects
@: corroded, very slow
A: permanent stasis, dig shafts and tunnels, antennae 3, four strong arms
a: Dig, Renounce Religion, Evoke Invisibility


You were in the Dungeon.
You worshipped Cheibriados.
Cheibriados was noncommittal.
You visited 1 branch You collected 78 gold pieces.

Inventory:

Hand Weapons
 a - a +2 dagger (weapon)
Missiles
 d - 9 poisoned darts
 e - 2 curare-tipped darts (quivered)
Armour
 b - a +0 robe (worn)
 c - a +0 cloak (worn)
Jewellery
 i - the amulet of invisibility (around neck) {+Inv}
   (You found it in the Dungeon)

   [amulet of nothing]

   +Inv:      It lets you turn invisible.
Potions
 f - a potion of curing
 g - a potion of heal wounds
 h - 2 potions of magic


   Skills:
 - Level 2.1 Fighting
 + Level 6.5 Short Blades
 - Level 2.0 Throwing
 - Level 0.8 Dodging
 * Level 12.3 Stealth
 + Level 0.0 Invocations
 + Level 0.0 Evocations


You had 4 spell levels left.
You didn't know any spells.
Your spell library was empty.

Dungeon Overview and Level Annotations

Branches:
Dungeon (1/1)

Altars:
Cheibriados
Dithmenos
Elyvilon
Gozag
Hepliaklqana
Kikubaaqudgha
Makhleb
Nemelex Xobeh
Okawaru
Qazlal
Ru
Sif Muna
Trog
Uskayaw
Vehumet
Wu Jian
Xom
Yredelemnul
Zin
The Shining One
Jiyva
Lugonu

Annotations:
D exclusion: oklob sapling


Innate Abilities, Weirdness & Mutations

You cannot be hasted, slowed, berserked, paralysed or teleported.
You can dig through walls and to a lower floor.
You have a pair of large antennae on your head. (SInv)
Your four strong arms can wield two-handed weapons with a shield.


Message History

You now have 70 gold pieces (gained 10).
You now have 78 gold pieces (gained 8).
There is an open door here.
There is an open door here.
There is an opulent altar of Gozag here.
There is a hazy altar of Hepliaklqana here.
Okay, then.
There is an opulent altar of Gozag here.
There is an open door here.
You see here a +0 spear.
There is an open door here.
You open the door.
There is an open door here.
No target in view!
Which direction?
Which direction?
You close the door.
There is an open door here.
There is an open door here.
There is an opulent altar of Gozag here.
There is a hazy altar of Hepliaklqana here.
There is a viscous altar of Jiyva here.
There is an ancient bone altar of Kikubaaqudgha here.
There is a corrupted altar of Lugonu here.
You open the door.
An oklob sapling wizard comes into view.
The oklob sapling wizard spits acid at you.
The splash of acid hits you! The acid corrodes you!
Marking area around an oklob sapling wizard as unsafe for travelling.
Found a robe and a halberd.
There is an open door here.
The oklob sapling wizard spits acid at you.
The splash of acid hits you!!
Ouch! That really hurt!
* * * LOW HITPOINT WARNING * * *
The acid corrodes you!
The oklob sapling wizard spits acid at you.
The splash of acid hits you!!
Ouch! That really hurt!
You die...

###################
.#.⌠._._._._.⌠.#.[+
{{
.'.._._._._._..'@P#
{
.#..._._._._...#..#
##.._._._._._..#.)#
.#._._._._._.⌠.####
.############### ##
{ { {


You could see an oklob sapling wizard.

Vanquished Creatures
  A scorpion (D)
  3 oklob saplings (D)
  A river rat (D)
  A rat (D)
6 creatures vanquished.

Notes
Turn   | Place    | Note
-------+----------+-------------------------------------------
     0 | D        | rocky1 the Formicid Brigand began the quest for the Orb.
     0 | D        | Reached XP level 1. HP: 16/16 MP: 1/1
    12 | D        | Reached skill level 6 in Stealth
    12 | D        | Reached XP level 2. HP: 22/22 MP: 2/2
    26 | D        | Noticed an oklob sapling
    28 | D        | Killed an oklob sapling
    29 | D        | Reached skill level 8 in Stealth
    29 | D        | Reached XP level 3. HP: 27/27 MP: 3/3
    31 | D        | Noticed a scorpion
    31 | D        | Found the amulet of invisibility {+Inv}
    41 | D        | Killed a scorpion
    42 | D        | Reached skill level 5 in Short Blades
    42 | D        | Reached skill level 10 in Stealth
    42 | D        | Reached XP level 4. HP: 26/33 MP: 4/4
   224 | D        | Found an opulent altar of Gozag.
   224 | D        | Found a hazy altar of Hepliaklqana.
   224 | D        | Found a burning altar of Makhleb.
   224 | D        | Found a sparkling altar of Nemelex Xobeh.
   224 | D        | Found a snail-covered altar of Cheibriados.
   224 | D        | Found a sacrificial altar of Ru.
   224 | D        | Found a shimmering blue altar of Sif Muna.
   224 | D        | Found a shimmering altar of Xom.
   224 | D        | Found a basalt altar of Yredelemnul.
   225 | D        | Found a viscous altar of Jiyva.
   225 | D        | Found a bloodstained altar of Trog.
   225 | D        | Found an ornate altar of the Wu Jian Council.
   225 | D        | Noticed an oklob sapling priest
   226 | D        | Found an iron altar of Okawaru.
   226 | D        | Found a shadowy altar of Dithmenos.
   226 | D        | Found a glowing silver altar of Zin.
   227 | D        | Found an ancient bone altar of Kikubaaqudgha.
   227 | D        | Found a hide-covered altar of Uskayaw.
   228 | D        | Found a stormy altar of Qazlal.
   228 | D        | Found a glowing golden altar of the Shining One.
   228 | D        | Found a white marble altar of Elyvilon.
   229 | D        | Found a radiant altar of Vehumet.
   229 | D        | Found a corrupted altar of Lugonu.
   232 | D        | Killed an oklob sapling priest
   233 | D        | Reached skill level 11 in Stealth
   233 | D        | Reached XP level 5. HP: 38/38 MP: 5/5
   239 | D        | Became a worshipper of Cheibriados the Contemplative
   256 | D        | Reached skill level 12 in Stealth
   314 | D        | Killed from afar by an oklob sapling wizard

Illustrated notes

Levels and vault maps discovered:
D:        dungeon_sprint_fedhas [sprint_temple]

Skill      XL: |  1  2  3  4  5 |
---------------+----------------+-----
Short Blades   | 3 4 5 6 |  6.5
Stealth        | 6 8 10 11 12 | 12.3
Fighting       | |  2.1
Throwing       | |  2.0
Dodging        | |  0.8

Action                     |  1- 3 |  4- 6 || total
---------------------------+-------+-------++-------
  Melee: Dagger            |    12 |     2 ||    14
  Throw: Dart              |     4 |       ||     4
Ability: Evoke Invisibilit |       |     1 ||     1
   Stab: Sleeping          |     2 |     2 ||     4
 Armour: Robe              |     3 |     3 ||     6
  Dodge: Dodged            |     3 |       ||     3

Table legend: (Time is in decaauts)
 A = Elapsed time spent in this place.
 B = Non-inter-level travel time spent in this place.
 C = Inter-level travel time spent in this place.
 D = Time resting spent in this place.
 E = Time spent auto-exploring this place.
 F = Levels seen in this place.
 G = Mean time per level.
                   A        B        C        D        E       F      G
               +--------+--------+--------+--------+--------+-----+--------+
         Total |    331 |    331 |      0 |    144 |      0 |   1 |  331.0 |
       Dungeon |    331 |    331 |      0 |    144 |      0 |   1 |  331.0 |
               +--------+--------+--------+--------+--------+-----+--------+

Top non-repeatable levels by time:
       D: 331 daAuts
